 Dungeon Crawl Stone Soup version 0.30-a0-534-gdc55766716 (webtiles) character file.

Game seed: 486003748581286514

2469 Jase the Cleaver (level 9, 0/75 HPs)
             Began as a Hill Orc Fighter on Dec 25, 2022.
             Was a Believer of Zin.
             Slain by a komodo dragon (13 damage)
             ... on level 7 of the Dungeon.
             The game lasted 00:15:05 (6539 turns).

Jase the Cleaver (Hill Orc Fighter)                 Turns: 6539, Time: 00:15:05

Health: 0/75       AC: 17    Str: 26    XL:     9   Next: 51%
Magic:  14/15      EV:  8    Int: 11    God:    Zin [**....]
Gold:   312        SH:  0    Dex: 13    Spells: 8/8 levels left

rFire   . . .      SeeInvis .    a - +0 war axe
rCold   + . .      Faith    .    (no shield)
rNeg    + . .      Spirit   .    p - +1 chain mail {rC+}
rPois   ∞          Reflect  .    (no helmet)
rElec   .          Harm     .    (no cloak)
rCorr   .          Rampage  .    x - +0 pair of gloves
Will    .....                    (no boots) Stlth
                                 (no amulet)
HPRegen 0.32/turn                c - ring of positive energy
MPRegen 0.14/turn                n - +4 ring of protection

@: vitalised
A: no striking features
a: Renounce Religion, Recite, Vitalisation, Donate Gold


You were on level 7 of the Dungeon.
You worshipped Zin.
Zin was pleased with you.
You visited 1 branch of the dungeon, and saw 7 of its levels.

You collected 346 gold pieces.
You donated 34 gold pieces to Zin.

Inventory:

Hand Weapons
 a - a +0 war axe (weapon)
Missiles
 e - 43 stones
 k - a throwing net
 m - 5 poisoned darts (quivered)
 u - 5 javelins
 z - 3 boomerangs
Armour
 p - a +1 chain mail of cold resistance (worn)
 x - a +0 pair of gloves (worn)
Jewellery
 c - a ring of positive energy (left hand)
 j - a ring of fire
 n - a +4 ring of protection (right hand)
 w - a +4 ring of protection
Wands
 r - a wand of acid (6)
 y - a wand of paralysis (6)
Scrolls
 b - a scroll of silence {unknown}
 f - 5 scrolls of teleportation
 g - 3 scrolls of immolation {unknown}
 l - 2 scrolls of noise {unknown}
 v - a scroll of poison {unknown}
Potions
 d - 2 potions of might
 h - a potion of curing
 i - a potion of cancellation {unknown}
 o - a potion of flight
 q - a potion of heal wounds
 t - 3 potions of attraction {unknown}
 A - a potion of invisibility


   Skills:
 - Level 6.0 Fighting
 + Level 9.8 Axes
 - Level 8.0 Armour
 - Level 3.2 Shields
 + Level 8.7 Invocations


You had 8 spell levels left.
You didn't know any spells.
Your spell library contained the following spells:

 Spells                   Type           Power      Damage    Failure   Level
 Apportation              Tloc           0%         N/A       88%         1
 Necrotise                Necr           0%         1d4       88%         1
 Summon Small Mammal      Summ           0%         N/A       88%         1
 Gell's Gravitas          Tloc           0%         N/A       99%         3
 Lesser Beckoning         Tloc           0%         N/A       99%         3
 Teleport Other           Tloc           0%         N/A       99%         3


Dungeon Overview and Level Annotations

Branches:
Dungeon (7/15)             Temple (0/1) D:5

Altars:
Fedhas
Gozag
Makhleb
Wu Jian
Zin

Annotations:
D:4 2 runed translucent doors


Message History

The troll is severely wounded.
The troll bites you but does no damage. The troll claws you.
The troll claws you but does no damage.
You slash the troll!
You kill the troll!
The troll leather armour is intact enough to wear.
Things that are here:
a +0 troll leather armour; a troll corpse You start resting.
You are ready to recite again.
You start resting.
HP restored.
A komodo dragon and a necrophage come into view.
The komodo dragon hisses angrily.
The komodo dragon attacks as you move away!
The komodo dragon bites you.
You barely miss the komodo dragon. The komodo dragon bites you!
Zin grants you divine stamina.
You can no longer call upon Zin to imprison the lawless.
The komodo dragon bites you.
You barely miss the komodo dragon.
The komodo dragon bites you but does no damage.
You slash the komodo dragon!
The komodo dragon is moderately wounded.
The komodo dragon bites you!!
You hit the komodo dragon.
The komodo dragon is moderately wounded.
The komodo dragon bites you!!
* * * LOW HITPOINT WARNING * * *
You hit the komodo dragon but do no damage.
The komodo dragon is moderately wounded.
The komodo dragon bites you.
* * * LOW HITPOINT WARNING * * *
You slash the komodo dragon!
The komodo dragon is heavily wounded.
The komodo dragon barely misses you.
You slash the komodo dragon!
The komodo dragon is almost dead.
The komodo dragon bites you!
You die...

#......# #####.##
######## #......#
#......# # ##......#
#.##### #......##
....... #.######
.......### #.#
......nl.# #†#
.......#@###.#######
..n...$#...[.......#
.......####........#
....... #......[.#
....... #........#
....... #........#
....... #........#
#..).....#
#........#


You could see a komodo dragon and a necrophage.

Vanquished Creatures
  Pikel (D:6)
  A troll (D:7)
  A hornet (D:7)
  Grinder (D:6)
  Sigmund (D:6)
  A black bear (D:7)
  2 sky beasts (D:6)
  An ogre (D:5)
  2 centaurs
  A phantom (D:6)
  A gnoll sergeant (D:6)
  A necrophage (D:5)
  A scorpion (D:5)
  2 hounds
  3 jellies
  2 iguanas (D:5)
  11 gnolls
  10 adders
  2 white imps (D:6)
  2 ufetubi
  4 worms
  3 dart slugs
  13 orcs
  5 bats
  6 endoplasms
  3 giant cockroaches
  3 goblins
  3 hobgoblins
  7 jackals
  10 kobolds
  4 quokkas
  2 ball pythons
  3 frilled lizards
  7 rats
  A spectral hobgoblin (D:1)
121 creatures vanquished.

Notes
Turn   | Place    | Note
-------+----------+-------------------------------------------
     0 | D:1      | Jase the Hill Orc Fighter began the quest for the Orb.
     0 | D:1      | Reached XP level 1. HP: 19/19 MP: 1/1
    66 | D:1      | Reached skill level 3 in Axes
    98 | D:1      | Reached XP level 2. HP: 24/25 MP: 2/2
   296 | D:1      | Found a faded altar of an unknown god.
   905 | D:2      | Reached XP level 3. HP: 33/33 MP: 3/3
  1167 | D:2      | Reached XP level 4. HP: 34/41 MP: 4/4
  1168 | D:2      | Reached skill level 4 in Axes
  1441 | D:2      | Reached XP level 5. HP: 47/47 MP: 5/5
  1733 | D:3      | Identified the +0 robe of Apathy {Int+2 Stlth+}
  1945 | D:3      | Found a blossoming altar of Fedhas.
  1968 | D:3      | Reached skill level 5 in Fighting
  2350 | D:3      | Found a burning altar of Makhleb.
  2742 | D:3      | Found a glowing silver altar of Zin.
  2742 | D:3      | Noticed an angel
  2742 | D:3      | Noticed a blizzard demon
  2746 | D:3      | Became a worshipper of Zin the Law-Giver
  2746 | D:3      | Reached * piety under Zin
  3156 | D:4      | Found a large runed translucent door.
  3157 | D:4      | Found a large runed translucent door.
  3188 | D:4      | Found an ornate altar of the Wu Jian Council.
  3195 | D:4      | Found an opulent altar of Gozag.
  3283 | D:4      | Reached skill level 5 in Axes
  3283 | D:4      | Reached skill level 1 in Invocations
  3765 | D:5      | Entered Level 5 of the Dungeon
  3825 | D:5      | Reached XP level 6. HP: 52/56 MP: 6/6
  3921 | D:5      | Found a staircase to the Ecumenical Temple.
  3929 | D:5      | Reached skill level 5 in Armour
  4304 | D:5      | Reached XP level 7. HP: 62/62 MP: 8/8
  4470 | D:5      | Reached skill level 6 in Axes
  4859 | D:5      | Reached ** piety under Zin
  5237 | D:6      | Noticed Sigmund
  5255 | D:6      | Noticed Pikel
  5259 | D:6      | Killed Sigmund
  5260 | D:6      | Reached XP level 8. HP: 70/70 MP: 9/11
  5275 | D:6      | Killed Pikel
  5276 | D:6      | Reached skill level 7 in Axes
  5278 | D:6      | Reached skill level 8 in Axes
  5680 | D:6      | Noticed Grinder
  5703 | D:6      | Killed Grinder
  5704 | D:6      | Reached XP level 9. HP: 69/75 MP: 14/14
  5729 | D:6      | Reached *** piety under Zin
  6031 | D:7      | Reached skill level 9 in Axes
  6144 | D:7      | Noticed a hornet
  6164 | D:7      | Killed a hornet
  6417 | D:7      | Noticed a troll
  6431 | D:7      | Killed a troll
  6530 | D:7      | Noticed a komodo dragon
  6539 | D:7      | Slain by a komodo dragon

Illustrated notes

Levels and vault maps discovered:
D:1:      lightli_arrival_boilingwater, layout_basic,
          dreamdust_ecumenical_altar_drowned_temple
D:2:      layout_basic
D:3:      layout_basic, grunt_temple_overflow_order_and_chaos_2,
          nicolae_overflow_crystal_walls
D:4:      layout_loops_ring, mainiacjoe_overflow_big_doors,
          jmf_multi_god_temple2
D:5:      layout_cave_pods, temple_fountains
D:6:      layout_rooms, uniq_pikel, uniq_sigmund, uniq_grinder
D:7:      layout_basic, lemuel_tele_altar

Skill      XL: |  1  2  3  4  5  6  7  8  9 |
---------------+----------------------------+-----
Axes           | 3 4 5 6 8 9 |  9.8
Fighting       | 4 5 6 |  6.0
Armour         | 4 5 6 7 8 |  8.0
Invocations    | 1 2 4 7 8 |  8.7
Shields        | |  3.2

Action                   |  1- 3 |  4- 6 |  7- 9 || total
-------------------------+-------+-------+-------++-------
Melee: War axe           |    91 |   194 |   181 ||   466
       Punch             |       |     2 |       ||     2
Invok: Recite            |       |       |     6 ||     6
       Vitalisation      |       |       |     3 ||     3
  Use: Scroll            |       |       |     7 ||     7
Armor: Scale mail        |    65 |    85 |       ||   150
       Chain mail        |       |    27 |   150 ||   177
Dodge: Dodged            |    51 |   128 |    85 ||   264

Table legend: (Time is in decaauts)
 A = Elapsed time spent in this place.
 B = Non-inter-level travel time spent in this place.
 C = Inter-level travel time spent in this place.
 D = Time resting spent in this place.
 E = Time spent auto-exploring this place.
 F = Levels seen in this place.
 G = Mean time per level.
                   A        B        C        D        E       F      G
               +--------+--------+--------+--------+--------+-----+--------+
         Total |   6649 |   6412 |    237 |   1137 |   4010 |   7 |  949.9 |
       Dungeon |   6649 |   6412 |    237 |   1137 |   4010 |   7 |  949.9 |
               +--------+--------+--------+--------+--------+-----+--------+

Top non-repeatable levels by time:
     D:5: 1537 daAuts
     D:3: 1147 daAuts
     D:4: 969 daAuts
     D:1: 919 daAuts
     D:2: 824 daAuts
     D:6: 653 daAuts
     D:7: 598 daAuts
